 Dungeon Crawl Stone Soup version 0.26.1-2-gb8aa6d0cf2 (webtiles) character file.

Game seed: 14336606074902314754

26706 jlumianski the Thaumaturge (level 13, 0/101 HPs)
             Began as a Gnoll Warper on Mar 27, 2021.
             Was a High Priest of Sif Muna.
             Succumbed to a meliai's poison
             ... on level 13 of the Dungeon on Mar 29, 2021.
             The game lasted 01:49:01 (19529 turns).

jlumianski the Thaumaturge (Gnoll Warper)          Turns: 19529, Time: 01:49:02

Health: 0/101      AC: 16    Str: 20    XL:     13   Next: 27%
Magic:  19/26      EV: 18    Int: 26    God:    Sif Muna [*****.]
Gold:   194        SH:  6    Dex: 15    Spells: 7/31 levels left

rFire    . . .     SeeInvis .   r - +3 dagger (elec)
rCold    . . .     Faith    .   x - +0 buckler
rNeg     . . .     Spirit   .   A - +3 troll leather armour {Snorg}
rPois    .         Reflect  .   N - +1 helmet (curse)
rElec    .         Harm     .   R - +0 cloak (curse)
rCorr    .         Rampage  .   o - +1 pair of gloves
Will     .....                  V - +0 pair of boots (curse)
Stlth    ++++......             (no amulet)
HPRegen  0.66/turn              H - +6 ring of strength
MPRegen  0.20/turn              a - +6 ring of intelligence

@: lethally poisoned (0 -> -7)
A: distributed training, fangs 1, strong nose
a: Renounce Religion, Channel Magic, Forget Spell, Divine Exegesis


You were on level 13 of the Dungeon.
You worshipped Sif Muna.
Sif Muna was extremely pleased with you.
You visited 2 branches of the dungeon, and saw 15 of its levels.
You also visited: Sewer and Ossuary.

You collected 1158 gold pieces.
You spent 964 gold pieces at shops.

Inventory:

Hand Weapons
 k - the +6 falchion "Giant's Demise" {protect, rPois rC+ MP+9 Str-2}
   (You found it on level 10 of the Dungeon)

   It grants its wielder temporary protection when it strikes (+7 to AC).
   It affects your strength (-2).
   It protects you from cold.
   It protects you from poison.
   It affects your magic capacity (+9).
 r - a +3 dagger of electrocution (weapon)
 w - a +1 vampiric trident
 G - a +1 war axe of electrocution
 O - a +2 war axe of electrocution
Missiles
 c - 4 throwing nets
 e - 4 boomerangs of dispersal
 t - 8 boomerangs (quivered)
 C - 4 silver boomerangs
 J - 4 javelins
 U - 10 poisoned darts
Armour
 f - a +0 ring mail
 o - a +1 pair of gloves (worn)
 x - a +0 buckler (worn)
 A - a +3 troll leather armour (worn) {Snorg}
 N - a cursed +1 helmet (worn)
 R - a cursed +0 cloak (worn)
 V - a cursed +0 pair of boots (worn)
Jewellery
 a - a +6 ring of intelligence (right hand)
 n - an uncursed ring of wizardry
 H - a +6 ring of strength (left hand)
 L - an uncursed ring of willpower
 M - an uncursed ring of magical power
Wands
 p - a wand of disintegration (3)
 y - a wand of paralysis (21)
 D - a wand of random effects (19)
 F - a wand of iceblast (7)
 K - a wand of digging (4)
 Q - a wand of acid (1)
 T - a wand of polymorph (14)
 X - a wand of flame (48)
Scrolls
 d - 2 scrolls of blinking
 g - 4 scrolls of identify
 h - 2 scrolls of fear
 m - 2 scrolls of magic mapping
 s - 7 scrolls of teleportation
 v - 9 scrolls of remove curse
 E - 2 scrolls of amnesia
 P - a scroll of fog
 Y - a scroll of enchant weapon
Potions
 b - 2 potions of cancellation
 i - a potion of attraction {unknown}
 j - 3 potions of might
 l - 8 potions of curing
 q - a potion of resistance
 u - 2 potions of invisibility
 z - a potion of mutation
 B - 5 potions of haste
 I - a potion of flight
 S - a potion of brilliance
Miscellaneous
 W - a phial of floods (inert)
 Z - a condenser vane


   Skills:
 + Level 9.4 Fighting
 + Level 8.1 Short Blades
 + Level 8.1 Long Blades
 + Level 9.4 Axes
 + Level 8.1 Maces & Flails
 + Level 8.1 Polearms
 + Level 8.1 Staves
 + Level 8.1 Slings
 + Level 8.1 Bows
 + Level 8.1 Crossbows
 + Level 8.6 Throwing
 + Level 8.6 Armour
 + Level 9.4 Dodging
 + Level 8.1 Stealth
 + Level 8.1 Shields
 + Level 8.1 Unarmed Combat
 + Level 9.6 Spellcasting
 + Level 6.7 Conjurations
 + Level 6.7 Hexes
 + Level 6.7 Summonings
 + Level 6.7 Necromancy
 + Level 8.8 Translocations
 + Level 6.7 Transmutations
 + Level 6.7 Fire Magic
 + Level 6.7 Ice Magic
 + Level 6.7 Air Magic
 + Level 6.7 Earth Magic
 + Level 6.7 Poison Magic
 + Level 8.9 Invocations
 + Level 8.1 Evocations


You had 7 spell levels left.
You knew the following spells:

 Your Spells              Type           Power        Failure   Level
a - Blink                 Tloc           N/A          1%          2
b - Gell's Gravitas       Tloc           27%          1%          3
c - Teleport Other        Tloc           55%          1%          3
d - Summon Small Mammal   Summ           100%         1%          1
e - Frozen Ramparts       Ice            94%          1%          3
f - Summon Ice Beast      Ice/Summ       47%          3%          4
g - Ozocubu's Armour      Ice            47%          1%          3
h - Alistair's Intoxicat  Tmut/Pois      31%          10%         5

Your spell library contained the following spells:

 Spells                   Type           Power        Failure   Level
 Animate Skeleton         Necr           94%          1%          1
 Apportation              Tloc           100%         1%          1
 Corona                   Hex            52%          1%          1
 Foxfire                  Conj/Fire      100%         1%          1
 Freeze                   Ice            100%         1%          1
 Magic Dart               Conj           100%         1%          1
 Shock                    Conj/Air       100%         1%          1
 Ensorcelled Hibernation  Hex/Ice        94%          1%          2
 Confusing Touch          Hex            47%          1%          3
 Dazzling Flash           Conj/Hex       94%          1%          3
 Lesser Beckoning         Tloc           27%          1%          3
 Static Discharge         Conj/Air       47%          1%          3
 Tukima's Dance           Hex            47%          1%          3
 Passage of Golubria      Tloc           N/A          1%          4
 Hailstorm                Conj/Ice       47%          3%          4
 Dispersal                Tloc           27%          22%         6
 Eringya's Noxious Bog    Tmut/Pois      23%          45%         6
 Starburst                Conj/Fire      23%          45%         6
 Shatter                  Erth           23%          100%        9


Dungeon Overview and Level Annotations

Branches:
Dungeon (14/15)            Temple (1/1) D:4            Lair (0/6) D:11
  Sewer (visited)         Ossuary (visited)
    Orc: D:9-12      Vaults: D:13-14

Altars:
Ashenzari
Cheibriados
Dithmenos
Elyvilon
Fedhas
Gozag
Hepliaklqana
Kikubaaqudgha
Makhleb
Nemelex Xobeh
Okawaru
Qazlal
Ru
Sif Muna
Trog
Uskayaw
Vehumet
Wu Jian
Xom
Yredelemnul
Zin
The Shining One

Shops:
D:4 =   D:6 =   D:10 !   D:13 *


Innate Abilities, Weirdness & Mutations

Your experience applies equally to all skills.
You have very sharp teeth.
Your uncanny sense of smell can sniff out nearby items.


Message History

As you read the scroll of teleportation, it crumbles to dust.
You feel strangely unstable. The killer bee completely misses you.
The meliai misses you. The meliai stings you.
* * * LOW HITPOINT WARNING * * *
You are more poisoned.
The meliai poisons you! The killer bee misses you.
The meliai hits you with a +0 hand axe.
* * * LOW HITPOINT WARNING * * *
The meliai misses you.
You feel sick. You block the killer bee's attack.
The meliai mumbles some strange prayers to its god against you.
Something smites you!
* * * LOW HITPOINT WARNING * * *
Casting: Blink (safe; 1% risk of failure)
Confirm with . or Enter, or press ? or * to list all spells.
You blink.
* * * LOW HITPOINT WARNING * * *
You feel sick.
Your surroundings suddenly seem different.
You die...

..#####....##
........#...#
#.####.###..# #......#
##.## .......## #.†####
[).##...# #.....##
.....)### #.###..###
..#..)[# #.# #...#
#...##[# #.# #@..#
..####<# #.## #.### .##
#(# #..# #.# ### .###
#(# #.∩# #.# ....
...###(#####.###[##.....
##.......(.((>..[.......
###########.....##.....
#####.(## .... #
#.......# ...


There were no monsters in sight!

Vanquished Creatures
  Snorg (D:12)
  A catoblepas (D:12)
  A centaur warrior (D:13)
  3 hydras
  A boulder beetle (D:13)
  A tengu warrior (D:13)
  2 two-headed ogres (D:8)
  3 death yaks (D:10)
  Nergalle (D:12)
  An unseen horror (D:12)
  A deep elf mage (D:12)
  3 ugly things
  2 cyclopes
  2 manticores (D:13)
  Maurice (D:10)
  A komodo dragon (D:12)
  A rime drake (shapeshifter) (D:14)
  A redback zombie (D:13)
  A troll (D:12)
  2 shadows
  A wyvern (D:11)
  11 yaks
  2 basilisks
  8 vampire mosquitoes
  An acid dragon (D:14)
  2 water moccasins
  Duvessa (D:4)
  A black bear (D:7)
  4 sky beasts
  3 ice beasts
  2 orc warriors
  2 necrophages
  8 ogres
  3 phantoms
  14 centaurs
  7 bullfrogs
  2 big kobolds (Sewer)
  A gnoll sergeant (D:12)
  A scorpion (D:4)
  A water moccasin skeleton (D:6)
  Dowan (D:4)
  11 killer bees
  7 wights
  6 howler monkeys
  5 centaur zombies
  3 bullfrog zombies
  A crimson imp (D:9)
  2 quasits
  8 hounds
  4 jellies
  Crazy Yiuf (D:6)
  7 orc priests
  13 orc wizards
  2 bullfrog skeletons
  5 centaur skeletons
  3 iguanas
  14 worker ants
  A killer bee zombie (D:7)
  A hound zombie (D:5)
  A hound skeleton (D:8)
  8 mummies (Ossuary)
  A howler monkey zombie (D:6)
  2 worker ant zombies
  9 gnolls
  22 adders
  A river rat (Sewer)
  3 shadow imps
  4 white imps
  An ufetubus (D:7)
  5 oozes
  4 adder skeletons
  5 worms
  2 leopard geckos
  51 orcs
  2 ball pythons
  3 giant cockroaches
  5 goblins
  4 hobgoblins
  3 jackals
  3 quokkas
  6 bats
  3 frilled lizards
  2 hobgoblin zombies (Ossuary)
  6 kobolds
  3 kobold zombies (Ossuary)
  A leopard gecko zombie (D:5)
  3 orc zombies (Ossuary)
  8 rats
371 creatures vanquished.

Vanquished Creatures (collateral kills)
  3 killer bees
  A wight (D:11)
  An orc wizard (D:9)
5 creatures vanquished.

Grand Total: 376 creatures vanquished

Notes
Turn   | Place    | Note
-------+----------+-------------------------------------------
     0 | D:1      | jlumianski the Gnoll Warper began the quest for the Orb.
     0 | D:1      | Reached XP level 1. HP: 20/20 MP: 6/6
   142 | D:1      | Reached XP level 2. HP: 26/26 MP: 7/7
   150 | D:1      | Learned a level 2 spell: Blink
  1277 | D:2      | Reached skill level 5 in Spellcasting
  1277 | D:2      | Reached XP level 3. HP: 29/31 MP: 7/9
  1281 | D:2      | Learned a level 3 spell: Gell's Gravitas
  1285 | D:2      | Learned a level 3 spell: Teleport Other
  1426 | D:3      | Found a shimmering altar of Xom.
  1443 | D:2      | Reached skill level 1 in Invocations
  1555 | D:2      | Reached skill level 1 in Short Blades
  1555 | D:2      | Reached skill level 1 in Long Blades
  1555 | D:2      | Reached skill level 1 in Maces & Flails
  1555 | D:2      | Reached skill level 1 in Polearms
  1555 | D:2      | Reached skill level 1 in Staves
  1555 | D:2      | Reached skill level 1 in Slings
  1555 | D:2      | Reached skill level 1 in Bows
  1555 | D:2      | Reached skill level 1 in Crossbows
  1555 | D:2      | Reached skill level 1 in Stealth
  1555 | D:2      | Reached skill level 1 in Shields
  1555 | D:2      | Reached skill level 1 in Unarmed Combat
  1555 | D:2      | Reached skill level 1 in Evocations
  1875 | D:2      | Reached XP level 4. HP: 35/38 MP: 11/11
  1985 | D:3      | Found a hide-covered altar of Uskayaw.
  1985 | D:3      | Found an opulent altar of Gozag.
  2556 | D:4      | Noticed a sky beast
  2565 | D:4      | Reached skill level 1 in Conjurations
  2565 | D:4      | Reached skill level 1 in Hexes
  2565 | D:4      | Reached skill level 1 in Summonings
  2565 | D:4      | Reached skill level 1 in Necromancy
  2565 | D:4      | Reached skill level 1 in Transmutations
  2565 | D:4      | Reached skill level 1 in Fire Magic
  2565 | D:4      | Reached skill level 1 in Ice Magic
  2565 | D:4      | Reached skill level 1 in Air Magic
  2565 | D:4      | Reached skill level 1 in Earth Magic
  2565 | D:4      | Reached skill level 1 in Poison Magic
  2596 | D:4      | Reached XP level 5. HP: 33/43 MP: 3/12
  2634 | D:4      | Found a white marble altar of Elyvilon.
  2772 | D:4      | Found a glowing drain.
  2781 | Sewer    | Entered a sewer
  3055 | Sewer    | Noticed a big kobold
  3081 | Sewer    | Killed a big kobold
  3082 | Sewer    | Reached XP level 6. HP: 34/50 MP: 11/13
  3396 | Sewer    | Reached skill level 5 in Fighting
  3396 | Sewer    | Reached skill level 5 in Axes
  3396 | Sewer    | Reached skill level 5 in Dodging
  3792 | D:4      | Killed a sky beast
  3793 | D:4      | Reached XP level 7. HP: 48/56 MP: 15/15
  3865 | D:4      | Found Ucuyqoegye's Jewellery Boutique.
  4346 | D:3      | Found a glowing golden altar of the Shining One.
  4960 | D:5      | Entered Level 5 of the Dungeon
  5395 | D:5      | Noticed Duvessa
  5535 | D:4      | Found a staircase to the Ecumenical Temple.
  5541 | Temple   | Entered the Ecumenical Temple
  5645 | Temple   | Became a worshipper of Sif Muna the Loreminder
  6287 | D:5      | Reached XP level 8. HP: 56/63 MP: 16/16
  6597 | D:5      | Found a basalt altar of Yredelemnul.
  6600 | D:5      | Found an ornate altar of the Wu Jian Council.
  6622 | D:5      | Noticed Dowan
  6683 | D:4      | Killed Dowan
  6919 | D:4      | Killed Duvessa
  7523 | D:6      | Reached * piety under Sif Muna
  7734 | D:6      | Found a runed translucent door.
  7735 | D:6      | Noticed Crazy Yiuf
  7859 | D:7      | Found a sand-covered staircase.
  7892 | Ossuary  | Entered an ossuary
  8144 | Ossuary  | Reached XP level 9. HP: 69/69 MP: 4/18
  8500 | D:6      | Found Ocodd's Jewellery Shop.
  9037 | D:6      | Found a shadowy altar of Dithmenos.
  9163 | D:6      | Reached skill level 5 in Throwing
  9163 | D:6      | Reached skill level 5 in Armour
  9184 | D:7      | Found a stormy altar of Qazlal.
  9551 | D:6      | Killed Crazy Yiuf
  9671 | D:7      | Reached ** piety under Sif Muna
 10052 | D:7      | Learned a level 1 spell: Summon Small Mammal
 10180 | D:7      | Reached skill level 5 in Invocations
 10650 | D:7      | Learned a level 3 spell: Frozen Ramparts
 10715 | D:8      | Noticed a two-headed ogre
 10745 | D:8      | Killed a two-headed ogre
 10746 | D:8      | Reached skill level 5 in Short Blades
 10746 | D:8      | Reached skill level 5 in Long Blades
 10746 | D:8      | Reached skill level 5 in Maces & Flails
 10746 | D:8      | Reached skill level 5 in Polearms
 10746 | D:8      | Reached skill level 5 in Staves
 10746 | D:8      | Reached skill level 5 in Slings
 10746 | D:8      | Reached skill level 5 in Bows
 10746 | D:8      | Reached skill level 5 in Crossbows
 10746 | D:8      | Reached skill level 5 in Stealth
 10746 | D:8      | Reached skill level 5 in Shields
 10746 | D:8      | Reached skill level 5 in Unarmed Combat
 10746 | D:8      | Reached skill level 5 in Evocations
 10746 | D:8      | Reached XP level 10. HP: 43/77 MP: 15/20
 11101 | D:8      | Noticed a two-headed ogre
 11112 | D:8      | Killed a two-headed ogre
 11391 | D:8      | Found a hazy altar of Hepliaklqana.
 11816 | D:9      | Reached *** piety under Sif Muna
 11828 | D:9      | Found a burning altar of Makhleb.
 11828 | D:9      | Found a radiant altar of Vehumet.
 11985 | D:10     | Entered Level 10 of the Dungeon
 11985 | D:10     | Noticed Maurice
 11990 | D:10     | Killed Maurice
 12039 | D:10     | Identified the Volume of the Foremost Servitors
 12047 | D:10     | Learned a level 4 spell: Summon Ice Beast
 12183 | D:10     | Learned a level 3 spell: Ozocubu's Armour
 12357 | D:10     | Found Xichaene's Distillery.
 12372 | D:10     | Bought a potion of mutation for 112 gold pieces
 12372 | D:10     | Bought a potion of haste for 140 gold pieces
 12604 | D:10     | Reached XP level 11. HP: 76/84 MP: 22/22
 12688 | D:10     | Reached **** piety under Sif Muna
 13011 | D:10     | Reached skill level 5 in Conjurations
 13011 | D:10     | Reached skill level 5 in Hexes
 13011 | D:10     | Reached skill level 5 in Summonings
 13011 | D:10     | Reached skill level 5 in Necromancy
 13011 | D:10     | Reached skill level 5 in Transmutations
 13011 | D:10     | Reached skill level 5 in Fire Magic
 13011 | D:10     | Reached skill level 5 in Ice Magic
 13011 | D:10     | Reached skill level 5 in Air Magic
 13011 | D:10     | Reached skill level 5 in Earth Magic
 13011 | D:10     | Reached skill level 5 in Poison Magic
 13134 | D:10     | Got a smoking falchion
 13135 | D:10     | Identified the +6 falchion "Giant's Demise" {protect, rPois
                  | rC+ MP+9 Str-2} (You found it on level 10 of the Dungeon)
 13514 | D:11     | Noticed a death yak
 13670 | D:11     | Noticed a cyan ugly thing
 13690 | D:11     | Killed a cyan ugly thing
 13957 | D:11     | Noticed a five-headed hydra
 14207 | D:10     | Killed a death yak
 14466 | D:11     | Noticed a death yak
 14469 | D:11     | Noticed a death yak
 14514 | D:10     | Killed a death yak
 14834 | D:10     | Killed a death yak
 15339 | D:11     | Found a staircase to the Lair.
 15436 | D:11     | Killed a five-headed hydra
 15580 | D:11     | Noticed a cyclops
 15582 | D:11     | Killed a cyclops
 16726 | D:12     | Noticed a deep elf mage
 16739 | D:12     | Killed a deep elf mage
 16740 | D:12     | Reached XP level 12. HP: 94/94 MP: 24/24
 16766 | D:13     | Noticed a boulder beetle
 16879 | D:12     | Noticed Snorg
 16904 | D:12     | HP: 4/94 [Snorg (18)]
 17336 | D:12     | Noticed Nergalle
 17363 | D:12     | Found an iron altar of Okawaru.
 17384 | D:12     | Killed Nergalle
 17510 | D:12     | Killed Snorg
 17903 | D:13     | Noticed a five-headed hydra
 17943 | D:12     | Killed a five-headed hydra
 17985 | D:13     | Reached ***** piety under Sif Muna
 17992 | D:13     | Identified Sif Muna's Tome of Displaced Confrontation (Sif
                  | Muna gifted it to you on level 13 of the Dungeon)
 17992 | D:13     | Received a gift from Sif Muna
 18069 | D:13     | Found Pitiagusm's General Store.
 18075 | D:13     | Bought a phial of floods for 600 gold pieces
 18075 | D:13     | Bought a scroll of enchant weapon for 112 gold pieces
 18080 | D:13     | Noticed a tengu warrior
 18092 | D:13     | Killed a tengu warrior
 18184 | D:13     | Noticed a centaur warrior
 18352 | D:13     | Killed a centaur warrior
 18393 | D:13     | Killed a boulder beetle
 18435 | D:13     | Noticed a four-headed hydra
 18459 | D:13     | Killed a four-headed hydra
 18460 | D:13     | Reached XP level 13. HP: 21/101 MP: 16/26
 18658 | D:12     | Learned a level 5 spell: Alistair's Intoxication
 19527 | D:13     | HP: 3/101 [meliai/divine providence (14)]
 19529 | D:13     | Succumbed to a meliai's poison

Illustrated notes

Levels and vault maps discovered:
D:1:      lemuel_arrival_muddy, layout_loops_ring, serial_forest,
          infiniplex_forest_zigzag_2, infiniplex_forest_zigzag_1,
          infiniplex_forest_end_2, infiniplex_forest_clump_tiny,
          infiniplex_forest_straight_2, infiniplex_forest_clump_diagonal,
          infiniplex_forest_end_double, infiniplex_forest_fountain,
          hangedman_decor_lopped
D:2:      layout_loops_ring
D:3:      layout_basic, xom_teletrap_fun, tso_metal_star,
          chequers_temple_overflow_statue_of_worship, minmay_misc_feat_tiny,
          chequers_serial_rivers_large_b, kennysheep_generic_room_7
D:4:      layout_loops_ring, elyvilon_altar_5,
          minmay_temple_entry_drinking_statues, portal_sewer_entry_d,
          serial_shops, nicolae_shop_statue_plus
D:5:      minmay_spotlight, layout_rooms, nicolae_overflow_hidden_temple,
          uniq_duvessa
D:6:      layout_loops_corners, kennysheep_little_box, serial_shops,
          nicolae_shop_waterfront, uniq_crazy_yiuf_cottage
D:7:      layout_loops_ring, overflow_temple_1_default,
          nicolae_ossuary_entry_ruins, minmay_starry_boxes
D:8:      layout_basic, basic_altar
D:9:      layout_rooms, lemuel_coloured_pillars_altar,
          grunt_temple_overflow_lords_of_destruction
D:10:     layout_cave_pods, serial_shops, shop_fountains, uniq_maurice
D:11:     layout_layer_cave, dpeg_lair_monsters
D:12:     layout_basic, basic_altar, uniq_snorg, uniq_nergalle
D:13:     regret_index_combs_of_tragedy, layout_rooms, serial_shops, shop,
          st_stairs_9, uniq_nessos
D:14:     layout_rooms, grunt_vaults_entry_fortified, kennysheep_cluttered_room,
          uniq_jorgrun
Temple:   compressed_dpeg_circular_temple

Skill      XL: |  1  2  3  4  5  6  7  8  9 10 11 12 13 |
---------------+----------------------------------------+-----
Spellcasting   | 5 6 7 8 9 |  9.6
Invocations    | 1 2 3 4 5 6 7 8 |  8.9
Short Blades   | 1 2 3 5 6 7 8 |  8.1
Long Blades    | 1 2 3 5 6 7 8 |  8.1
Maces & Flails | 1 2 3 5 6 7 8 |  8.1
Polearms       | 1 2 3 5 6 7 8 |  8.1
Staves         | 1 2 3 5 6 7 8 |  8.1
Slings         | 1 2 3 5 6 7 8 |  8.1
Bows           | 1 2 3 5 6 7 8 |  8.1
Crossbows      | 1 2 3 5 6 7 8 |  8.1
Stealth        | 1 2 3 5 6 7 8 |  8.1
Shields        | 1 2 3 5 6 7 8 |  8.1
Unarmed Combat | 1 2 3 5 6 7 8 |  8.1
Evocations     | 1 2 3 5 6 7 8 |  8.1
Conjurations   | 1 2 3 4 5 6 |  6.7
Hexes          | 1 2 3 4 5 6 |  6.7
Summonings     | 1 2 3 4 5 6 |  6.7
Necromancy     | 1 2 3 4 5 6 |  6.7
Transmutations | 1 2 3 4 5 6 |  6.7
Fire Magic     | 1 2 3 4 5 6 |  6.7
Ice Magic      | 1 2 3 4 5 6 |  6.7
Air Magic      | 1 2 3 4 5 6 |  6.7
Earth Magic    | 1 2 3 4 5 6 |  6.7
Poison Magic   | 1 2 3 4 5 6 |  6.7
Throwing       | 3 4 5 6 7 8 |  8.6
Armour         | 3 4 5 6 7 8 |  8.6
Fighting       | 5 6 7 8 9 |  9.4
Axes           | 5 6 7 8 9 |  9.4
Dodging        | 5 6 7 8 9 |  9.4
Translocations | 6 7 8 |  8.8

Action                   |  1- 3 |  4- 6 |  7- 9 | 10-12 | 13-15 || total
-------------------------+-------+-------+-------+-------+-------++-------
Melee: Hand axe          |    88 |   168 |   245 |       |       ||   501
       Bite              |    10 |    21 |    72 |    75 |    16 ||   194
       Dagger            |       |       |   201 |   417 |   107 ||   725
       Flail             |       |       |    84 |    54 |       ||   138
       War axe           |       |       |       |    69 |       ||    69
       Falchion          |       |       |       |    25 |       ||    25
Throw: Boomerang         |     1 |    11 |    40 |    36 |     4 ||    92
       Stone             |    10 |     2 |       |       |       ||    12
 Cast: Blink             |     1 |       |     7 |     8 |     5 ||    21
       Gell's Gravitas   |       |    17 |    27 |    37 |     2 ||    83
       Teleport Other    |       |       |     2 |       |       ||     2
       Frozen Ramparts   |       |       |     2 |    27 |     3 ||    32
       Summon Ice Beast  |       |       |       |     2 |     3 ||     5
       Summon Small Mamm |       |       |       |     1 |       ||     1
       Ozocubu's Armour  |       |       |       |     9 |     1 ||    10
       Alistair's Intoxi |       |       |       |       |     3 ||     3
Evoke: Wand              |       |     3 |     6 |     6 |     2 ||    17
       Phial of floods   |       |       |       |       |     1 ||     1
  Use: Scroll            |     1 |     5 |     7 |     9 |     1 ||    23
       Potion            |       |     4 |     2 |     7 |       ||    13
 Stab: Sleeping          |       |       |     3 |     7 |     3 ||    13
       Distracted        |       |       |     1 |     3 |     2 ||     6
       Paralysed         |       |       |     1 |       |       ||     1
Armor: Leather armour    |     6 |       |       |       |       ||     6
       Ring mail         |    26 |    60 |   155 |   147 |       ||   388
       Troll leather arm |       |       |       |    63 |    25 ||    88
Dodge: Dodged            |    53 |   116 |   298 |   382 |    64 ||   913
Block: Buckler           |       |       |    86 |   185 |    27 ||   298
       Rpst.: Falchion   |       |       |       |     3 |       ||     3
